Map: Waterfall

Players

Robbie

  • Race: Protoss Protoss
  • League: Grandmaster
  • Spawn Location: 7:00

Vindicta - Winner!

  • Race: Terran Terran
  • League: Master
  • Spawn Location: 1:00

VOD

Have the link to the VOD?

Description

Time

  • Played on: Aug. 21, 2022, 5:25 p.m.
  • Length: 18:14
Show
View Real Time Build Order
Export as new Build Order

Robbie Protoss 

Build Orders: 1 Gate Expand, Blink Stalkers 

Get SALT Encoding   

  12  0:00  Probe  
  13  0:12  Probe  
  14  0:17  Pylon  
  14  0:24  Probe (Chrono Boost)  
  15  0:37  Gateway  
  15  0:38  Probe (Chrono Boost)  
  16  0:43  Probe (Chrono Boost)  
  16  0:45  Assimilator  
  17  0:52  Probe  
  18  1:04  Probe  
  19  1:16  Probe  
  20  1:24  Cybernetics Core  
  20  1:31  Nexus  
  20  1:41  Pylon, Probe (Chrono Boost)  
  21  1:47  Assimilator  
  21  1:51  Probe (Chrono Boost)  
  22  1:56  Probe (Chrono Boost)  
  22  2:00  Adept (Chrono Boost)  
  25  2:05  Warp Gate  
  25  2:07  Probe  
  26  2:19  Probe  
  26  2:21  Stalker (Chrono Boost)  
  29  2:32  Probe  
  30  2:38  Gateway  
  30  2:43  Probe  
  30  2:44  Probe (Chrono Boost)  
  32  2:52  Twilight Council  
  32  2:56  Probe (Chrono Boost)  
  34  3:00  Stalker  
  34  3:02  Probe (Chrono Boost)  
  36  3:06  Probe (Chrono Boost)  
  36  3:09  Probe (Chrono Boost)  
  38  3:20  Probe x2  
  38  3:25  Stalker  
  38  3:26  Pylon  
  42  3:30  Stalker  
  42  3:32  Probe x2  
  42  3:33  Blink (Chrono Boost)  
  46  3:44  Probe, Robotics Facility  
  46  3:46  Probe  
  48  3:59  Probe x2  
  50  4:05  Stalker  
  50  4:08  Pylon, Stalker  
  54  4:17  Nexus  
  54  4:22  Pylon  
  54  4:26  Probe x2  
  56  4:31  Observer (Chrono Boost)  
  56  4:35  Assimilator  
  56  4:38  Stalker, Probe x2  
  59  4:43  Pylon  
  61  4:47  Forge  
  61  4:52  Probe x2  
  63  4:54  Pylon  
  63  4:56  Gateway  
  63  5:00  Gateway  
  63  5:03  Gateway  
  63  5:05  Probe  
  64  5:14  Pylon, Probe, Charge (Chrono Boost)  
  64  5:16  Protoss Ground Weapons Level 1 (Chrono Boost), Observer  
  64  5:17  Probe  
  67  5:29  Probe  
  67  5:30  Probe x2  
  70  5:44  Probe, Gateway  
  70  5:45  Gateway, Probe  
  70  5:47  Gateway, Probe  
  70  5:48  Gateway  
  73  5:56  Zealot, Stalker, Sentry x2  
  73  5:57  Probe  
  82  6:02  Zealot  
  84  6:12  Robotics Bay  
  84  6:14  Probe x3  
  84  6:15  Assimilator  
  87  6:27  Pylon x2  
  78  6:33  Probe x3  
  81  6:45  Probe x3  
  84  6:50  Zealot x7  
  84  6:51  Zealot x2  
  102  6:57  Probe x3  
  102  6:58  Photon Cannon  
  102  6:59  Shield Battery x2  
  102  7:00  Disruptor (Chrono Boost)  
  105  7:01  Shield Battery  
  108  7:10  Shield Battery  
  108  7:11  Shield Battery  
  102  7:27  Disruptor (Chrono Boost), Observer  
  99  7:32  Zealot, Stalker x5  
  109  7:47  Zealot x3  
  113  7:59  Zealot x3  
  113  8:00  Zealot x2  
  123  8:05  Pylon  
  123  8:07  Pylon  
  123  8:08  Disruptor (Chrono Boost), Pylon  
  122  8:17  Stalker  
  124  8:21  Pylon  
  123  8:28  Zealot, Stalker x5  
  123  8:30  Observer  
  123  8:31  Protoss Ground Armor Level 1 (Chrono Boost)  
  135  8:37  Observer (Chrono Boost)  
  135  8:39  Zealot x2  
  140  8:43  Assimilator x2  
  140  8:52  Disruptor (Chrono Boost)  
  143  9:04  Observer  
  137  9:10  Zealot x3  
  133  9:23  Probe x2  
  133  9:28  Disruptor, Probe  
  133  9:31  Observer  
  135  9:35  Probe x2  
  135  9:39  Stalker x2  
  135  9:40  Stalker x7  
  144  10:06  Zealot  
  144  10:07  Zealot x6  
  152  10:10  Pylon  
  152  10:12  Pylon  
  152  10:14  Pylon  
  144  10:29  Disruptor (Chrono Boost)  
  144  10:35  Zealot x6, Robotics Facility  
  157  10:43  Observer  
  149  10:53  Probe  
  149  10:54  Probe x2  
  149  10:55  Nexus  
  152  11:04  Disruptor (Chrono Boost)  
  138  11:06  Probe  
  138  11:07  Protoss Ground Weapons Level 2 (Chrono Boost)  
  141  11:12  Forge  
  141  11:14  Templar Archives  
  141  11:23  Pylon  
  141  11:29  Disruptor (Chrono Boost)  
  141  11:31  Disruptor (Chrono Boost)  
  141  11:40  Zealot x5  
  147  11:51  Stalker  
  147  11:52  Stalker x2  
  135  12:11  Disruptor (Chrono Boost), Zealot x6  
  150  12:28  Probe  
  150  12:29  Probe x2  
  150  12:35  High Templar  
  150  12:36  High Templar x8  
  152  12:57  Archon  
  152  12:58  Archon x3  
  152  13:03  Protoss Ground Armor Level 2 (Chrono Boost)  
  152  13:09  Stalker x9  
  123  13:36  Zealot x7  
  123  13:37  Zealot x2  
  123  13:38  Disruptor x2 (Chrono Boost), Protoss Ground Weapons Level 3 (Chrono Boost)  
  138  14:05  Disruptor (Chrono Boost)  
  138  14:06  Disruptor (Chrono Boost)  
  138  14:16  Stalker x4  
  138  14:17  Stalker x2  
  146  14:34  Disruptor  
  138  14:44  Disruptor (Chrono Boost)  
  106  14:47  Zealot x7  
  106  14:48  Zealot x2  
  88  15:08  Disruptor (Chrono Boost)  
  88  15:12  Zealot x9  
  100  15:17  Disruptor (Chrono Boost)  
  93  15:35  Disruptor (Chrono Boost)  
  93  15:39  Stalker x7  
  101  15:42  Probe  
  101  15:43  Probe x3  
  104  15:51  Disruptor (Chrono Boost)  
  104  16:07  Zealot x7  
  95  16:19  Zealot x2  
  91  16:28  Disruptor (Chrono Boost)  
  97  16:38  Disruptor (Chrono Boost)  
  97  16:42  Dark Shrine  
  97  16:47  Stalker x5  
  107  16:54  Disruptor (Chrono Boost)  
  107  16:55  Zealot x3  
  107  16:59  Pylon  
  114  17:03  Disruptor (Chrono Boost)  
  114  17:06  Stalker  
  119  17:09  Pylon  
  115  17:33  Disruptor (Chrono Boost)  
  110  17:37  Zealot x8  
  105  17:53  Zealot  
  99  18:02  Zealot x6  
  99  18:03  Zealot  
Show
View Real Time Build Order
Export as new Build Order

Vindicta Terran - Winner!

Build Orders:  

Get SALT Encoding   

  12  0:02  SCV  
  13  0:14  SCV  
  14  0:20  Supply Depot  
  14  0:26  SCV  
  15  0:42  SCV  
  16  0:43  Barracks  
  16  0:47  Refinery  
  16  0:54  SCV  
  16  0:55  Refinery  
  17  1:06  SCV  
  18  1:18  SCV  
  19  1:31  Reaper  
  19  1:32  Orbital Command  
  20  1:36  Supply Depot  
  20  1:47  Factory  
  20  1:57  SCV  
  21  2:04  Barracks Reactor  
  21  2:10  SCV  
  22  2:22  SCV  
  23  2:30  Command Center  
  23  2:35  Widow Mine  
  25  2:38  SCV  
  25  2:40  Marine  
  25  2:42  Marine  
  28  2:49  Supply Depot  
  28  2:50  SCV  
  29  3:00  Starport  
  29  3:02  Widow Mine  
  31  3:10  Marine  
  31  3:11  SCV, Marine  
  33  3:23  SCV  
  34  3:28  Marine  
  34  3:31  Factory Tech Lab  
  35  3:35  SCV  
  35  3:36  Medivac  
  35  3:37  Marine  
  35  3:39  Bunker  
  39  3:46  Marine  
  39  3:47  SCV  
  41  3:50  Siege Tank  
  44  3:59  SCV  
  45  4:06  Orbital Command  
  45  4:09  Starport Tech Lab  
  45  4:10  Marine  
  45  4:11  SCV  
  47  4:20  Barracks  
  47  4:23  SCV  
  48  4:27  Raven  
  48  4:29  Marine x2  
  52  4:37  Supply Depot  
  52  4:40  SCV  
  52  4:42  SCV  
  52  4:43  Supply Depot  
  54  4:52  Barracks  
  54  4:58  Siege Tank, SCV x2, Marine x2  
  61  5:03  Supply Depot  
  61  5:11  SCV x2  
  63  5:16  Marine x2  
  65  5:23  SCV  
  65  5:25  Stimpack  
  65  5:26  Marauder  
  65  5:27  Engineering Bay, SCV  
  69  5:29  Refinery  
  69  5:30  Supply Depot  
  69  5:31  Starport Reactor  
  69  5:35  SCV  
  70  5:40  SCV, Refinery  
  71  5:47  SCV, Marauder  
  71  5:49  Marine  
  74  5:50  Marine, Combat Shield  
  74  5:51  Marauder  
  74  5:52  Supply Depot  
  74  5:53  SCV  
  79  5:59  SCV  
  79  6:02  Terran Infantry Weapons Level 1  
  80  6:04  Factory Reactor  
  80  6:06  SCV  
  80  6:07  Marine  
  84  6:11  SCV, Marauder  
  84  6:14  Marauder  
  84  6:16  Supply Depot  
  84  6:17  Medivac  
  84  6:18  SCV  
  90  6:21  Medivac  
  92  6:32  Marauder  
  92  6:45  Widow Mine, Marine  
  92  6:46  Marine x2  
  92  6:47  Medivac  
  97  6:51  Command Center, Medivac  
  97  6:53  Marine  
  102  6:56  Supply Depot  
  102  6:57  Supply Depot  
  102  7:04  Marine  
  103  7:08  SCV  
  103  7:10  Marine  
  103  7:11  Concussive Shells  
  103  7:12  SCV  
  105  7:15  Barracks  
  105  7:16  Barracks  
  105  7:17  Medivac  
  105  7:20  SCV, Marine  
  105  7:21  Medivac  
  109  7:25  Widow Mine x2, Marine  
  112  7:32  Marine  
  111  7:38  Marauder  
  110  7:44  SCV  
  110  7:46  Widow Mine  
  110  7:47  Medivac  
  110  7:48  Marauder, Marine  
  110  7:50  SCV  
  118  7:56  SCV, Terran Infantry Armor Level 1  
  118  7:57  Widow Mine  
  119  8:00  Marauder  
  119  8:02  SCV  
  119  8:03  Barracks Tech Lab  
  119  8:04  Barracks Reactor  
  122  8:08  Widow Mine, SCV  
  122  8:09  Marauder  
  124  8:16  Missile Turret, SCV  
  124  8:18  Widow Mine, Marine x2  
  128  8:20  SCV  
  128  8:21  Marauder  
  128  8:23  Marauder  
  133  8:30  SCV, Orbital Command  
  135  8:36  Ghost Academy  
  135  8:39  Refinery, Marine  
  135  8:41  SCV  
  137  8:47  Supply Depot  
  138  8:49  SCV  
  139  8:57  SCV x2  
  139  9:01  Missile Turret  
  141  9:06  Missile Turret, SCV  
  141  9:08  Medivac x2  
  141  9:09  Widow Mine x2, SCV  
  149  9:12  Marauder  
  149  9:14  Missile Turret  
  141  9:18  SCV  
  141  9:21  SCV x2  
  140  9:24  Enhanced Shockwaves, Refinery  
  140  9:25  Supply Depot, Ghost  
  140  9:28  Marauder  
  140  9:30  Marine x2  
  144  9:33  Ghost  
  144  9:34  Marine x2  
  144  9:37  Widow Mine  
  144  9:38  Widow Mine  
  139  9:47  Marine  
  139  9:48  Supply Depot, Marine  
  139  9:49  Marauder  
  139  9:52  Marine  
  144  9:59  Widow Mine x2  
  140  10:03  Ghost  
  140  10:04  Marauder, Marine  
  140  10:05  Marine  
  140  10:06  Marine  
  140  10:11  Marauder  
  141  10:16  Liberator  
  141  10:17  SCV  
  141  10:20  Widow Mine x2, Marine  
  148  10:22  Command Center  
  148  10:24  Marine  
  148  10:25  Liberator  
  152  10:30  Ghost, Marine x2  
  152  10:32  Marine  
  156  10:38  Marine  
  156  10:42  Widow Mine  
  158  10:43  Supply Depot  
  158  10:47  Armory  
  158  10:48  Engineering Bay, Marauder  
  158  10:49  SCV  
  157  10:50  Sensor Tower  
  157  10:53  Marauder, Marine x2  
  161  11:01  SCV  
  161  11:02  Marauder, Marine x2  
  159  11:08  Ghost  
  159  11:11  Marine x2  
  163  11:15  Marauder  
  163  11:16  SCV x2  
  167  11:20  Marine  
  167  11:21  Widow Mine, Marine  
  167  11:26  SCV  
  167  11:27  Liberator  
  167  11:29  Sensor Tower  
  167  11:31  Marine  
  171  11:38  Terran Infantry Weapons Level 2  
  171  11:39  Terran Infantry Armor Level 2  
  168  11:42  SCV  
  168  11:43  Marine  
  168  11:44  Marauder, Marine  
  173  11:50  Marauder, Marine  
  173  11:51  Marine x2  
  170  12:03  Liberator  
  170  12:05  Ghost  
  170  12:06  Marine  
  155  12:08  Marine  
  155  12:09  Planetary Fortress  
  155  12:11  Marine  
  155  12:14  Marine  
  155  12:15  Marauder  
  160  12:18  Marine  
  160  12:24  Marine  
  160  12:26  Marine  
  160  12:27  Medivac  
  160  12:29  Marine  
  150  12:32  Marine  
  148  12:37  Marine  
  148  12:38  Marauder  
  148  12:40  Barracks  
  148  12:42  Barracks  
  141  12:45  Marine x2  
  141  12:46  Liberator, Marauder  
  141  12:47  Marine  
  141  12:51  SCV  
  150  12:52  Marine  
  150  12:57  Liberator, Marauder  
  156  12:59  Marine  
  156  13:00  Missile Turret  
  156  13:01  Refinery  
  156  13:02  Refinery  
  156  13:03  Marine  
  156  13:04  Marine  
  158  13:07  Marauder  
  158  13:08  Marine  
  158  13:10  Marine  
  162  13:17  Marauder  
  162  13:18  Marauder  
  164  13:21  Marine  
  164  13:22  Marine  
  153  13:28  Ghost, Marine  
  153  13:29  Marine  
  153  13:30  Liberator  
  146  13:38  Ghost, Marine  
  146  13:39  Marauder  
  146  13:40  Medivac, Marine  
  146  13:41  Marine x2  
  154  13:46  Marine x2  
  160  13:48  Widow Mine  
  160  13:49  Command Center  
  157  13:56  Marine  
  157  13:57  Marine  
  157  14:00  Marine x2  
  157  14:01  Marauder  
  160  14:03  SCV  
  160  14:04  SCV x2  
  160  14:06  Ghost  
  160  14:08  Marine x2  
  166  14:10  Medivac  
  166  14:13  Missile Turret, Medivac  
  166  14:14  Marine x2  
  166  14:15  Marine  
  171  14:18  Marine x2  
  171  14:22  Marauder  
  171  14:23  Terran Infantry Weapons Level 3  
  175  14:29  Terran Infantry Armor Level 3  
  174  14:36  Marine  
  174  14:37  Marauder  
  164  14:39  Liberator  
  164  14:41  Marine  
  164  14:45  Marauder, Medivac  
  168  14:50  Marauder, Marine  
  170  14:53  Widow Mine x2  
  170  14:56  SCV  
  170  14:57  Marine  
  170  14:58  SCV, Marauder  
  172  15:03  Marine  
  172  15:06  Marauder, Marine x2  
  163  15:10  Marine x2  
  163  15:12  Marauder  
  164  15:15  Medivac, Marine  
  164  15:17  Missile Turret  
  164  15:19  Widow Mine x2, Marine  
  164  15:21  Marine  
  168  15:23  Marine  
  168  15:24  Marine  
  168  15:27  Marauder, Marine  
  168  15:28  Marine  
  167  15:31  Planetary Fortress  
  160  15:36  Marine  
  160  15:37  Marauder  
  160  15:40  Widow Mine x2  
  162  15:45  Refinery x2  
  162  15:48  Marauder  
  164  15:51  Marauder, Barracks Tech Lab, Marine x3  
  164  15:52  Barracks Tech Lab  
  164  15:56  Marine  
  168  15:59  Marauder  
  166  16:08  Marine  
  166  16:09  Marauder, Marine x2  
  164  16:13  Marauder  
  164  16:15  Marauder, Marine x2  
  154  16:19  Ghost  
  139  16:26  Marine x2  
  139  16:27  Marine  
  139  16:28  Barracks  
  139  16:29  Liberator, Barracks  
  139  16:30  Barracks  
  139  16:31  Marauder  
  139  16:33  Marauder, Marine  
  139  16:34  Marauder  
  139  16:37  Marauder  
  144  16:44  Marine x3  
  144  16:45  Widow Mine x2  
  151  16:49  Marauder  
  151  16:51  Liberator, Marine  
  151  16:52  Marauder  
  157  16:54  SCV  
  157  16:55  Marauder, SCV, Marine  
  157  16:58  Marauder  
  164  17:02  Marine x3  
  165  17:08  Marine  
  165  17:10  Marauder  
  165  17:13  Marauder  
  165  17:14  Marauder  
  172  17:16  Marauder  
  172  17:19  Marine  
  172  17:20  Barracks Tech Lab x2, Marine x3  
  178  17:26  Marine  
  178  17:28  Liberator  
  180  17:31  Marauder  
  182  17:37  Marauder  
  182  17:38  Marauder  
  182  17:40  Ghost  
  178  17:46  Marine  
  178  17:48  Marine x2  
  180  17:52  Marine x2  
Tags
 
Add a new tag
Caveats
  • Supply blocks, unpowered buildings, or Contaminate may cause inaccurate times.
  • Supply counts are checked every 10 seconds.